 Dungeon Crawl Stone Soup version 0.22-a0-782-g038298e (webtiles) character file.

187964 sking99 the Brawler (level 18, -4/237 HPs)
             Began as an Ogre Transmuter on July 20, 2018.
             Was the Champion of Ru.
             Slain by an eight-headed hydra (12 damage)
             ... on level 3 of the Swamp.
             The game lasted 01:16:32 (31840 turns).

sking99 the Brawler (Ogre Transmuter)              Turns: 31840, Time: 01:16:33

Health: -4/237     AC:  6    Str: 19    XL:     18   Next: 53%
Magic:  21/21      EV: 19    Int: 14    God:    Ru [******]
Gold:   1881       SH:  0    Dex: 13    Spells: 4/21 levels left

rFire    x . .     SeeInvis .     - Unarmed
rCold    + . .     Gourm    .   (shield unavailable)
rNeg     . . .     Faith    .   (armour currently unavailable)
rPois    +         Spirit   .   (helmet currently unavailable)
rElec    .         Reflect  .   (cloak currently unavailable)
rCorr    .         Harm     .   (gloves unavailable)
MR       +....                  (boots unavailable)
Stlth    ..........             u - amulet of regeneration
HPRegen  0.89/turn              (ring unavailable)
MPRegen  0.17/turn              A - ring of fire

@: lethally poisoned (-4 -> -6), exhausted, ice-form, drained
A: large, unfitting armour, clumsy 1, missing a hand, no stealth, temperature
sensitive
a: End Transformation, Draw Out Power, Power Leap, Apocalypse, Renounce Religion


You were on level 3 of the Swamp.
You worshipped Ru.
Ru was exalted by your worship.
You were hungry.
You were a creature of crystalline ice.
You visited 5 branches of the dungeon, and saw 28 of its levels.
You also visited: Bailey and Ice Cave.

You collected 2436 gold pieces.
You spent 555 gold pieces at shops.

Inventory:

Missiles
 a - 476 arrows
 r - a throwing net (quivered)
Armour
 b - a +1 robe
 F - a +2 cloak of magic resistance (melded)
 R - a +2 hat (melded)
 V - a +0 troll leather armour (melded)
Magical Staves
 J - an uncursed staff of wizardry (melded)
Jewellery
 u - an amulet of regeneration (around neck)
 A - a ring of fire (right front paw)
 D - an uncursed ring of positive energy
 G - an uncursed ring of wizardry
 N - an uncursed ring of resist corrosion
 P - an uncursed ring of magical power
 Q - the ring "Meotaytt" {rC+ AC+4}
   (You found it on level 5 of the Lair of Beasts)

   [ring of protection]

   It affects your AC (+4).
   It protects you from cold.
 Z - an uncursed ring of see invisible
Wands
 i - a wand of iceblast (5)
 o - a wand of enslavement (46)
 v - a wand of random effects (20)
 C - a wand of clouds (4)
 H - a wand of acid (16)
 I - a wand of polymorph (49)
 K - a wand of disintegration (20)
Scrolls
 e - 7 scrolls of enchant weapon
 g - 9 scrolls of remove curse
 h - 9 scrolls of magic mapping
 k - 12 scrolls of teleportation
 n - 4 scrolls of amnesia
 t - 11 scrolls of identify
 y - 4 scrolls of fog
 S - 4 scrolls of fear
 T - 5 scrolls of enchant armour
 U - 2 scrolls of blinking
 W - a scroll of summoning
 X - 2 scrolls of silence
Potions
 c - 10 potions of curing
 f - 3 potions of cancellation
 j - 3 potions of magic
 l - 8 potions of heal wounds
 m - 6 potions of agility
 p - 4 potions of resistance
 s - 5 potions of mutation
 w - 4 potions of might
 x - 3 potions of berserk rage
 z - 4 potions of brilliance
 B - a potion of ambrosia
 E - 3 potions of lignification
 L - 2 potions of haste
 M - a potion of invisibility
 Y - 3 potions of flight
Comestibles
 d - 31 rations


   Skills:
 + Level 16.5(16.1) Fighting
 + Level 16.0(15.6) Dodging
 * Level 17.9(17.4) Unarmed Combat
 - Level 2.4(2.0) Spellcasting
 - Level 8.0(7.6) Transmutations
 - Level 4.0(3.7) Ice Magic
 - Level 1.0(0.6) Poison Magic


You had 4 spell levels left.
You knew the following spells:

 Your Spells              Type           Power        Failure   Level  Hunger
a - Ozocubu's Armour      Chrm/Ice       #.......     32%         3    ####...
b - Sticks to Snakes      Tmut           ###.....     1%          2    ###....
c - Blade Hands           Tmut           ###.......   28%         5    ######.
d - Ice Form              Ice/Tmut       ###.....     22%         4    #####..
e - Spider Form           Tmut/Pois      ##........   13%         3    ####...

Your spell library contained the following spells:

 Spells                   Type           Power        Failure   Level  Hunger
 Cause Fear               Hex            #.........   93%         4    #####..
 Magic Dart               Conj           #...         24%         1    ##.....
 Conjure Flame            Conj/Fire      #.......     56%         3    ####...
 Slow                     Hex            #.......     34%         2    ###....
 Throw Frost              Conj/Ice       #.....       17%         2    ###....
 Mephitic Cloud           Conj/Pois/Air  #.......     54%         3    ####...
 Teleport Other           Tloc           #.......     56%         3    ####...
 Blink                    Tloc           N/A          34%         2    ###....
 Freeze                   Ice            ##..         5%          1    ##.....
 Summon Ice Beast         Ice/Summ       #.......     73%         4    #####..
 Call Imp                 Summ           #.......     34%         2    ###....
 Stone Arrow              Conj/Erth      #.....       56%         3    ####...
 Deflect Missiles         Chrm/Air       #.........   100%        6    #######
 Throw Icicle             Conj/Ice       #.......     73%         4    #####..
 Passwall                 Tmut/Erth      ##......     8%          2    ###....
 Silence                  Hex/Air        #.........   100%        5    ######.
 Corona                   Hex            #......      24%         1    ##.....
 Lee's Rapid Deconstruct  Erth           #.........   100%        5    ######.
 Sandblast                Erth           #.....       24%         1    ##.....
 Conjure Ball Lightning   Conj/Air       #.........   100%        6    #######
 Portal Projectile        Hex/Tloc       #.....       56%         3    ####...
 Petrify                  Tmut/Erth      ##......     45%         4    #####..
 Passage of Golubria      Tloc           N/A          93%         4    #####..
 Tornado                  Air            #.........   100%        9    #######
 Leda's Liquefaction      Hex/Erth       #.........   93%         4    #####..
 Shroud of Golubria       Chrm/Tloc      #.........   34%         2    ###....
 Inner Flame              Hex/Fire       #.......     56%         3    ####...
 Beastly Appendage        Tmut           ###...       1%          1    ##.....
 Summon Lightning Spire   Summ/Air       #.......     93%         4    #####..
 Gell's Gravitas          Tloc           #.........   56%         3    ####...
 Lesser Beckoning         Tloc           #.........   56%         3    ####...


Dungeon Overview and Level Annotations

Branches:
Dungeon (15/15)            Temple (1/1) D:4            Lair (6/6) D:10
  Swamp (4/4) Lair:3       Spider (0/4) Lair:3        Slime (0/5) Lair:6
    Orc (2/2) D:10            Elf (0/3) Orc:2        Vaults (0/5) D:13
 Depths (0/5) D:15

Altars:
Ashenzari
Cheibriados
Dithmenos
Elyvilon
Fedhas
Gozag
Hepliaklqana
Kikubaaqudgha
Makhleb
Nemelex Xobeh
Okawaru
Qazlal
Ru
Sif Muna
Trog
Uskayaw
Vehumet
Wu Jian
Xom
Yredelemnul
Zin
The Shining One
Beogh

Shops:
Orc:2 =*[:

Portals:
Trove: D:15 (show slimy rune of Zot)

Annotations:
D:4 exclusion: oklob plant
D:8 3 runed doors, EnegeticOcto's ghost, novice DDFi
D:12 3 runed doors, Ijustatesigmund's ghost, journeyman OpFi
Lair:2 exclusion: 3 oklob plants
Lair:3 exclusion: oklob plant


Innate Abilities, Weirdness & Mutations

You are too large for most types of armour.
You are clumsy. (Dex -2)
((You have tough skin. (AC +1)))
You are missing a hand.
You cannot be stealthy.
You are sensitive to extremes of temperature. (rF-, rC-)


Message History

* * * LOW HITPOINT WARNING * * *
The eight-headed hydra misses you.
The eight-headed hydra closely misses you.
The eight-headed hydra bites you.
* * * LOW HITPOINT WARNING * * *
The eight-headed hydra misses you.
Okay, then.
You feel much better.
You feel sick.
The eight-headed hydra closely misses you.
The eight-headed hydra bites you.
* * * LOW HITPOINT WARNING * * *
The eight-headed hydra bites you!
* * * LOW HITPOINT WARNING * * *
You focus your will and blind the eight-headed hydra in retribution!
The eight-headed hydra bites you!
* * * LOW HITPOINT WARNING * * *
The eight-headed hydra bites you!
* * * LOW HITPOINT WARNING * * *
The eight-headed hydra bites you!
You die...

...≈≈≈....♣♣ ♣♣.≈....≈≈.≈≈.....≈.
♣♣.........♣♣♣♣≈.≈≈≈≈≈♣≈≈≈≈≈≈≈.≈.
≈♣♣♣♣♣♣.≈≈...♣♣≈≈.≈≈≈≈♣≈..≈♣≈≈.≈≈
≈♣ ♣.≈≈♣♣)≈≈.≈....(.≈.≈≈≈≈≈≈.♣
.♣♣ ♣♣...♣♣♣..§.≈.♣≈.♣≈≈≈≈.....
.(♣ ♣♣♣..♣.≈≈≈≈≈.≈≈....≈≈>.♣≈.
≈≈♣ ♣♣....≈≈≈≈...(...♣≈≈.≈≈. |÷♣♣
♣♣..≈≈≈.≈≈≈.≈.≈≈≈.♣.≈≈. .=≈♣♣
♣♣.≈DY.≈≈≈.≈≈♣♣♣♣♣♣≈≈≈ ♣≈≈.♣♣
♣.≈≈.≈≈≈≈≈≈.≈♣♣ ♣..≈ ♣≈≈≈.♣
♣♣≈..≈≈≈♣...≈≈♣♣♣♣.≈. ♣≈≈≈[♣
♣≈≈≈.♣≈..≈.≈......≈. ♣♣§..♣♣♣
♣.)≈.≈..≈≈§≈≈≈<.♣.≈≈ ♣≈≈≈≈.♣♣
♣.≈≈≈≈..≈.≈..§≈≈≈≈≈♣ ♣..≈≈≈.♣
♣≈≈≈≈≈.♣≈..≈≈.≈.≈≈≈≈ ♣♣§≈.÷.♣♣
♣.≈≈≈≈≈....≈≈.≈...≈.
♣.≈≈≈.≈♣♣♣♣♣.≈§≈≈≈♣≈≈.≈≈.≈..≈≈≈


You could see an eight-headed hydra (blind).

Vanquished Creatures
  Nikola (Swamp:2)
  Frances (Swamp:2)
  Gastronok (Orc:1)
  A thorn hunter (Swamp:2)
  Kirke (D:14)
  An orc warlord (Orc:2)
  Nessos (Lair:4)
  A dire elephant (Lair:3)
  4 vault guards (D:13)
  18 hydras
  Fannar (Orc:1)
  A ghost crab (Swamp:3)
  3 catoblepae (Lair:6)
  2 ogre magi (Orc:2)
  10 two-headed ogres
  16 alligators
  4 centaur warriors
  5 death yaks (Lair:6)
  A spriggan berserker (Swamp:4)
  Urug (Orc:1)
  2 orc high priests
  Sonja (D:12)
  9 swamp dragons
  An unseen horror (D:15)
  2 spriggan druids (Swamp:3)
  4 shambling mangroves
  A deep elf archer (Bailey)
  A wizard (D:15)
  2 deep trolls (Orc:2)
  An orb spider (shapeshifter) (D:15)
  A necromancer (IceCv)
  12 deep elf magi
  A harpy (shapeshifter) (D:15)
  19 ugly things
  2 orc sorcerers (Orc:1)
  2 manticores (Lair:6)
  4 cyclopes
  11 elephants
  A black mamba (Lair:4)
  3 ice statues (IceCv)
  2 gargoyles
  13 komodo dragons
  14 spiny frogs
  A torpor snail (Lair:3)
  A kobold demonologist (D:14)
  A redback zombie (D:15)
  A rime drake (Lair:3)
  6 ice devils (IceCv)
  9 trolls
  A tengu conjurer (D:13)
  2 jumping spiders (Lair:3)
  A meliai (D:10)
  13 tyrant leeches
  13 hornets
  3 polar bears
  20 blink frogs
  6 slime creatures
  8 bog bodies
  13 hippogriffs
  2 redbacks (Lair:3)
  Sigmund (D:3)
  A shadow (D:13)
  9 wyverns
  A vampire (D:14)
  8 spriggans
  A wraith (D:14)
  4 basilisks
  55 yaks
  A steam dragon (D:12)
  2 hogs (D:14)
  A human (D:8)
  3 hungry ghosts
  17 vampire mosquitoes
  5 wargs
  An acid dragon (D:11)
  14 swamp worms
  7 porcupines
  9 water moccasins
  11 swamp drakes
  4 ice beasts
  5 sky beasts
  A black bear (D:8)
  27 orc warriors
  A necrophage (D:9)
  A phantom (D:10)
  6 centaurs
  26 ogres
  3 crocodiles
  6 big kobolds
  A gnoll sergeant (Orc:1)
  A wyvern zombie (D:14)
  11 bullfrogs
  A wyvern skeleton (D:11)
  A water moccasin skeleton (D:11)
  3 scorpions
  18 killer bees
  8 wights
  3 howler monkeys
  3 crimson imps
  2 electric eels
  A bullfrog zombie (D:11)
  2 draconian simulacra (IceCv)
  3 jellies
  9 hounds
  6 centaur skeletons
  20 orc priests
  An iron imp (D:7)
  20 orc wizards
  Natasha (thrice) (D:3)
  5 worker ants
  11 iguanas
  2 troll simulacra (IceCv)
  A spriggan simulacrum (IceCv)
  2 centaur simulacra (IceCv)
  2 hound skeletons
  A worker ant zombie (D:7)
  7 gnolls
  22 adders
  A naga simulacrum (IceCv)
  2 ogre simulacra (IceCv)
  7 shadow imps
  An ooze (D:3)
  2 adder zombies (D:5)
  A worm (D:3)
  3 dart slugs
  8 leopard geckos
  54 orcs
  9 bats
  4 giant cockroaches
  11 hobgoblins
  9 jackals
  4 quokkas
  A ball python (D:4)
  6 frilled lizards
  4 goblins
  21 kobolds
  A leopard gecko skeleton (D:9)
  2 leopard gecko zombies
  8 rats
  3 fungi (Lair:3)
  3 plants
850 creatures vanquished.

Vanquished Creatures (collateral kills)
  A hydra (Lair:3)
  A two-headed ogre (D:8)
  An elephant (Lair:4)
3 creatures vanquished.

Vanquished Creatures (others)
  2 hydras
  2 ice dragons (D:15)
  A death yak (Lair:6)
  3 two-headed ogres
  An unseen horror (D:13)
  A shambling mangrove (Swamp:1)
  A harpy (shapeshifter) (D:13)
  A deep elf mage (Bailey)
  An ugly thing (D:14)
  A komodo dragon (Lair:3)
  A troll (Orc:2)
  A swamp drake (Swamp:4)
  An ogre (D:5)
  A shadow imp (D:14)
  2 kobolds (D:12)
  27 fungi
  12 plants
59 creatures vanquished.

Grand Total: 912 creatures vanquished

Notes
Turn   | Place    | Note
-------+----------+-------------------------------------------
     0 | D:1      | sking99 the Ogre Transmuter began the quest for the Orb.
     0 | D:1      | Reached XP level 1. HP: 19/19 MP: 3/3
   235 | D:1      | Reached skill level 3 in Unarmed Combat
   235 | D:1      | Reached XP level 2. HP: 27/28 MP: 5/5
  1095 | D:1      | Reached XP level 3. HP: 36/36 MP: 6/6
  1184 | D:1      | Learned a level 2 spell: Sticks to Snakes
  1188 | D:1      | Learned a level 3 spell: Spider Form
  2018 | D:2      | Reached XP level 4. HP: 43/44 MP: 7/7
  2050 | D:2      | Reached skill level 1 in Poison Magic
  2298 | D:2      | Found a sparkling altar of Nemelex Xobeh.
  2489 | D:3      | Noticed Natasha
  2500 | D:3      | Killed Natasha
  2562 | D:3      | Reached skill level 4 in Unarmed Combat
  2592 | D:3      | Reached XP level 5. HP: 42/50 MP: 4/8
  2838 | D:3      | Noticed Natasha
  2858 | D:3      | Killed Natasha
  2988 | D:3      | Noticed Sigmund
  3009 | D:3      | Killed Sigmund
  3009 | D:3      | Reached XP level 6. HP: 45/61 MP: 0/9
  3209 | D:3      | Noticed Natasha
  3216 | D:3      | Killed Natasha
  3461 | D:4      | Found a staircase to the Ecumenical Temple.
  3477 | Temple   | Entered the Ecumenical Temple
  3664 | Temple   | Became a worshipper of Ru the Awakened
  3715 | D:4      | Found an iron altar of Okawaru.
  4072 | D:4      | Reached skill level 5 in Unarmed Combat
  4072 | D:4      | Reached XP level 7. HP: 68/70 MP: 4/10
  4164 | D:4      | Found a blossoming altar of Fedhas.
  4194 | D:4      | Noticed an oklob plant
  4257 | D:5      | Entered Level 5 of the Dungeon
  4701 | D:5      | Reached skill level 5 in Fighting
  4853 | D:5      | Gained mutation: You are sensitive to extremes of temperature. (rF-, rC-) [Ru sacrifice]
  4853 | D:5      | Reached * piety under Ru
  4853 | D:5      | Reached ** piety under Ru
  5232 | D:5      | Reached skill level 6 in Unarmed Combat
  5338 | D:5      | Reached XP level 8. HP: 84/84 MP: 7/11
  5817 | D:6      | Found a hide-covered altar of Uskayaw.
  5844 | D:6      | Found a burning altar of Makhleb.
  6450 | D:6      | Gained mutation: You are missing a hand. [Ru sacrifice]
  6450 | D:6      | Reached *** piety under Ru
  6450 | D:6      | Reached **** piety under Ru
  6450 | D:6      | Reached ***** piety under Ru
  6912 | D:7      | Noticed a hippogriff
  6923 | D:7      | Killed a hippogriff
  6923 | D:7      | Reached skill level 7 in Unarmed Combat
  7188 | D:7      | Found a snail-covered altar of Cheibriados.
  7362 | D:7      | Learned a level 4 spell: Ice Form
  7529 | D:8      | Reached XP level 9. HP: 92/97 MP: 12/12
  7603 | D:8      | Noticed a two-headed ogre
  7621 | D:8      | Killed a two-headed ogre
  7812 | D:8      | Reached skill level 5 in Transmutations
  8001 | D:8      | Noticed a two-headed ogre
  8012 | D:8      | Killed a two-headed ogre
  8012 | D:8      | Reached skill level 8 in Unarmed Combat
  8177 | D:8      | Found a runed gate.
  8178 | D:8      | Found a runed gate.
  8178 | D:8      | Found a runed gate.
  8178 | D:8      | Noticed EnegeticOcto's ghost (novice DDFi)
  8848 | D:9      | Reached XP level 10. HP: 107/107 MP: 8/13
  8976 | D:9      | Gained mutation: You cannot be stealthy. [Ru sacrifice]
  9190 | D:9      | Noticed a two-headed ogre
  9199 | D:9      | Killed a two-headed ogre
  9199 | D:9      | Reached skill level 9 in Unarmed Combat
  9569 | D:9      | Reached skill level 10 in Fighting
  9696 | D:10     | Entered Level 10 of the Dungeon
  9881 | D:10     | Found a basalt altar of Yredelemnul.
  9882 | D:10     | Found a staircase to the Lair.
  9882 | D:10     | Found a staircase to the Orcish Mines.
  9949 | D:10     | Noticed a two-headed ogre
  9951 | D:10     | Noticed a gargoyle
 10154 | D:10     | Killed a two-headed ogre
 10154 | D:10     | Reached skill level 10 in Unarmed Combat
 10618 | D:10     | Killed a gargoyle
 10714 | D:10     | Reached XP level 11. HP: 115/116 MP: 12/14
 10776 | D:10     | Reached skill level 5 in Dodging
 10785 | D:10     | Reached skill level 11 in Unarmed Combat
 10797 | D:10     | Noticed a centaur warrior
 10804 | D:10     | Killed a centaur warrior
 10903 | D:10     | Learned a level 3 spell: Ozocubu's Armour
 11423 | D:10     | Identified the +6 flail of the Fool {pain, +Fly} (You found it on level 10 of the Dungeon)
 11569 | Lair:1   | Entered Level 1 of the Lair of Beasts
 12352 | Lair:1   | Gained mutation: You are clumsy. (Dex -2) [Ru sacrifice]
 12352 | Lair:1   | Reached ****** piety under Ru
 12681 | Lair:2   | Reached skill level 12 in Unarmed Combat
 13160 | Lair:2   | Noticed an oklob plant
 13294 | Lair:2   | Reached XP level 12. HP: 125/125 MP: 3/15
 13579 | Lair:2   | Noticed an eight-headed hydra
 13593 | Lair:2   | Killed an eight-headed hydra
 13715 | Lair:2   | Reached skill level 13 in Unarmed Combat
 14536 | Lair:3   | Noticed a seven-headed hydra
 14549 | Lair:3   | Killed a seven-headed hydra
 14682 | Lair:3   | Noticed a seven-headed hydra
 14695 | Lair:3   | Killed a seven-headed hydra
 14718 | Lair:3   | Reached skill level 10 in Dodging
 14724 | Lair:3   | Found a hole to the Spider Nest.
 14803 | Lair:3   | Found a staircase to the Swamp.
 15416 | Lair:4   | Reached XP level 13. HP: 126/132 MP: 12/16
 15638 | Lair:4   | Noticed a dire elephant
 15721 | Lair:3   | Killed a dire elephant
 15844 | Lair:4   | Noticed Nessos
 15871 | Lair:4   | Killed Nessos
 16749 | Lair:5   | Found a bloodstained altar of Trog.
 16868 | Lair:5   | Got a coiled brass ring
 16869 | Lair:5   | Identified the ring "Meotaytt" {rC+ AC+4} (You found it on level 5 of the Lair of Beasts)
 17666 | Lair:6   | Entered Level 6 of the Lair of Beasts
 17769 | Lair:6   | Found a staircase to the Slime Pits.
 18161 | Lair:6   | Reached XP level 14. HP: 139/152 MP: 12/17
 20524 | D:12     | Found a flagged portal.
 20573 | Bailey   | Entered a bailey
 20601 | Bailey   | Reached skill level 15 in Fighting
 20834 | D:12     | Found a frozen archway.
 20840 | IceCv    | Entered an ice cave
 21592 | D:12     | Found a runed gate.
 21592 | D:12     | Found a runed gate.
 21753 | D:12     | Found a runed gate.
 21875 | D:12     | Noticed Sonja
 21879 | D:12     | Killed Sonja
 21938 | D:12     | Noticed Ijustatesigmund's ghost (journeyman OpFi)
 22041 | Orc:1    | Entered Level 1 of the Orcish Mines
 22041 | Orc:1    | Noticed Urug
 22046 | Orc:1    | Reached skill level 14 in Unarmed Combat
 22048 | Orc:1    | Noticed Gastronok
 22049 | Orc:1    | Paralysed by an orc sorcerer for 2 turns
 22053 | Orc:1    | Killed Urug
 22053 | Orc:1    | Reached XP level 15. HP: 94/166 MP: 10/18
 22188 | Orc:1    | Killed Gastronok
 22536 | Orc:2    | Entered Level 2 of the Orcish Mines
 22548 | Orc:2    | Found a staircase to the Elven Halls.
 22561 | Orc:2    | Found Woqigagg's Antique Armour Shoppe.
 22584 | Orc:2    | Noticed an orc warlord
 22599 | Orc:2    | Killed an orc warlord
 23599 | Orc:2    | Reached skill level 15 in Unarmed Combat
 23700 | Orc:2    | Found Roset's Jewellery Shop.
 23701 | Orc:2    | Found Rut Icha's Book Shop.
 23715 | Orc:2    | Found Beazann's Assorted Antiques.
 23732 | Orc:2    | Bought a hardcover book for 555 gold pieces
 23766 | Orc:2    | Found a roughly hewn altar of Beogh.
 24025 | Orc:1    | Noticed Fannar
 24031 | Orc:1    | Killed Fannar
 24985 | D:13     | Found a gate to the Vaults.
 25445 | D:14     | Reached XP level 16. HP: 175/175 MP: 13/19
 25592 | D:14     | Noticed Kirke
 25607 | D:14     | Killed Kirke
 25607 | D:14     | Reached skill level 15 in Dodging
 25607 | D:14     | Reached skill level 16 in Unarmed Combat
 25975 | D:15     | Entered Level 15 of the Dungeon
 26725 | D:15     | Found a portal to a secret trove of treasure.
 26851 | D:15     | Found a staircase to the Depths.
 27296 | Swamp:1  | Entered Level 1 of the Swamp
 28571 | Swamp:2  | Reached skill level 17 in Unarmed Combat
 28637 | Swamp:2  | Noticed Frances
 28652 | Swamp:2  | Killed Frances
 28789 | Swamp:2  | Noticed a thorn hunter
 28797 | Swamp:2  | Killed a thorn hunter
 28803 | Swamp:2  | Noticed Nikola
 28820 | Swamp:2  | Killed Nikola
 29387 | Swamp:3  | Reached XP level 17. HP: 179/186 MP: 20/20
 30917 | D:14     | Learned a level 5 spell: Blade Hands
 30917 | D:14     | Reached XP level 18. HP: 195/195 MP: 21/21
 31135 | Swamp:4  | Entered Level 4 of the Swamp
 31840 | Swamp:3  | HP: 8/237 [eight-headed hydra (7)]
 31840 | Swamp:3  | Slain by an eight-headed hydra

Vault maps used:
D:1:      lightli_arrival_farm, minmay_box_of_dots
D:2:      marbit_many_paths
D:3:      uniq_sigmund, uniq_natasha
D:4:      tgw_fedhas, lemuel_crystal_altar, minmay_temple_entry_overgrown,
          first_ration
D:5:      cheibrodos_iron_armory, kennysheep_crisscross
D:6:      old_standard_altar, eat_drink_and_be_merry_uskayaw
D:7:      slow_altar_2
D:8:      gammafunk_ghost_spectres, grunt_pizzeria,
          hangedman_decor_clover_reticule
D:10:     hangedman_cross_stitches, lair_entry_dummy, basic_altar,
          statue_in_the_mist_lemuel, hangedman_corner_corridor
D:12:     enter_bailey_2, gammafunk_ghost_hydra_chop,
          portal_ice_cave_entry_pillars_1, uniq_sonja
D:13:     lightli_vaults_fourway_checkpoint
D:14:     nicolae_water_bricks, uniq_kirke
D:15:     grunt_enter_depths_hoard, enter_trove_3
Temple:   eino_temple_scatter_basement
Lair:2:   minmay_lair_venomous_thicket, wad_woods_road_01,
          minmay_lair_oklob_chamber, grunt_megastairs_1
Lair:3:   beast_lair_carwin_large_4, swamp_mist_pool, spider_nest_entry_a,
          minmay_lair_oklob_items, minivault_27, worms_lemuel
Lair:4:   mu_elephants_graveyard, uniq_nessos
Lair:5:   basic_altar, minmay_holes, serial_bayou_shore_a,
          infiniplex_staircase_pool_2, lemuel_fruit_fields
Lair:6:   evilmike_catoblepas_cave, slime_dummy, st_stairs_5,
          serial_bayou_shore_b
Swamp:1:  evilmike_swamp_ruin_rubble_2, swamp_pool1
Swamp:2:  serial_swamp_ruin, evilmike_swamp_ruin_rubble_1,
          evilmike_swamp_ruin_house_3, evilmike_swamp_ruin_house_4, swamp_pool3,
          uniq_nikola, uniq_frances
Swamp:3:  evilmike_swamp_ruin_house_6, swamp_pool1
Swamp:4:  swamp_basic_johnstein, swamp_pool4
Orc:1:    uniq_fannar, uniq_gastronok, uniq_urug
Orc:2:    st_orc_open, nicolae_orc_stony_grotto, nicolae_orc_pool_cavern,
          kennysheep_orc_chapel
Bailey:   bailey_polearm_3, bailey
IceCv:    ice_cave_tombish

Skill      XL: |  1  2  3  4  5  6  7  8  9 10 11 12 13 14 15 16 17 18 |
---------------+-------------------------------------------------------+-----
Unarmed Combat | 3 4 5 6 7 8 10 12 13 14 15 17 | 17.9
Fighting       | 2 3 4 6 8 9 10 13 15 16 | 16.5
Transmutations | 2 3 4 6 7 8 |  8.0
Poison Magic   | 1 |  1.0
Ice Magic      | 4 |  4.0
Dodging        | 4 7 11 12 13 14 15 16 | 16.0
Spellcasting   | |  2.4

Action                   |  1- 3 |  4- 6 |  7- 9 | 10-12 | 13-15 | 16-18 || total
-------------------------+-------+-------+-------+-------+-------+-------++-------
Melee: Unarmed           |   154 |   125 |   276 |   426 |  1097 |   631 ||  2709
       Headbutt          |     2 |       |       |       |       |       ||     2
       Punch             |     1 |     2 |     2 |       |       |       ||     5
       Staff             |       |       |       |       |       |     1 ||     1
 Cast: Beastly Appendage |     4 |       |       |       |       |       ||     4
       Spider Form       |     1 |    10 |    21 |     2 |     2 |       ||    36
       Sticks to Snakes  |       |     3 |     5 |    15 |     2 |     2 ||    27
       Ice Form          |       |       |     1 |    41 |    97 |    45 ||   184
       Ozocubu's Armour  |       |       |       |    16 |    28 |     4 ||    48
       Blade Hands       |       |       |       |       |       |     3 ||     3
Invok: Sacrifice Resista |       |       |     1 |       |       |       ||     1
       Sacrifice a Hand  |       |       |     1 |       |       |       ||     1
       Sacrifice Stealth |       |       |       |     1 |       |       ||     1
       Draw Out Power    |       |       |       |     1 |       |     1 ||     2
       Sacrifice Purity  |       |       |       |     1 |       |       ||     1
       Apocalypse        |       |       |       |     1 |     3 |       ||     4
       Power Leap        |       |       |       |     1 |     2 |       ||     3
 Abil: End Transformatio |       |       |       |       |     2 |     1 ||     3
  Use: Scroll            |       |     9 |     4 |    16 |     7 |     1 ||    37
       Potion            |       |       |       |       |       |     2 ||     2
 Stab: Sleeping          |     1 |       |       |       |       |       ||     1
       Distracted        |       |       |     1 |       |     2 |     7 ||    10
       Invisible         |       |       |     2 |     6 |     9 |    10 ||    27
       Paralysed         |       |       |     1 |    13 |    16 |    17 ||    47
  Eat: Chunk             |     4 |     8 |    13 |    26 |    54 |    26 ||   131
       Ration            |       |       |     3 |     3 |     2 |     2 ||    10
Armor: Robe              |    50 |    18 |    17 |    19 |    18 |     8 ||   130
       Skin              |       |     1 |     6 |    50 |   122 |    70 ||   249
       Troll leather arm |       |       |       |       |       |    26 ||    26
Dodge: Dodged            |    89 |    80 |   148 |   179 |   585 |   478 ||  1559

Table legend:
 A = Spawn XP
 B = Non-spawn XP
 C = Spawn XP percentage of total XP
 D = Spawn monster count
 E = Non-spawn monster count
 F = Spawn count percentage of total count
 G = Total turns spent on level
                    A         B        C        D         E        F      G
               +---------+---------+-------+---------+---------+-------+---------
         Total |       0 |  217692 |   0.0 |       0 |     861 |   0.0 | 31840
               +---------+---------+-------+---------+---------+-------+---------
           D:1 |       0 |      50 |   0.0 |       0 |      28 |   0.0 |  1778
           D:2 |       0 |      56 |   0.0 |       0 |      12 |   0.0 |   693
           D:3 |       0 |     371 |   0.0 |       0 |      23 |   0.0 |   959
           D:4 |       0 |     163 |   0.0 |       0 |      12 |   0.0 |   626
           D:5 |       0 |     807 |   0.0 |       0 |      17 |   0.0 |  1456
           D:6 |       0 |     194 |   0.0 |       0 |      11 |   0.0 |  1121
           D:7 |       0 |     517 |   0.0 |       0 |      10 |   0.0 |   529
           D:8 |       0 |    2482 |   0.0 |       0 |      12 |   0.0 |  1411
           D:9 |       0 |    1911 |   0.0 |       0 |      18 |   0.0 |  1208
          D:10 |       0 |    5567 |   0.0 |       0 |      31 |   0.0 |  1914
          D:11 |       0 |    5218 |   0.0 |       0 |      46 |   0.0 |   947
          D:12 |       0 |    4520 |   0.0 |       0 |      33 |   0.0 |   840
          D:13 |       0 |   11299 |   0.0 |       0 |      61 |   0.0 |  1085
          D:14 |       0 |   11252 |   0.0 |       0 |      36 |   0.0 |   683
          D:15 |       0 |   11142 |   0.0 |       0 |      20 |   0.0 |  1192
        Lair:1 |       0 |    3360 |   0.0 |       0 |      15 |   0.0 |  1183
        Lair:2 |       0 |    7055 |   0.0 |       0 |      35 |   0.0 |  2026
        Lair:3 |       0 |    9685 |   0.0 |       0 |      37 |   0.0 |  1331
        Lair:4 |       0 |   13135 |   0.0 |       0 |      43 |   0.0 |  1259
        Lair:5 |       0 |    3637 |   0.0 |       0 |      18 |   0.0 |   936
        Lair:6 |       0 |   16866 |   0.0 |       0 |      47 |   0.0 |  1453
       Swamp:1 |       0 |   16599 |   0.0 |       0 |      32 |   0.0 |  1125
       Swamp:2 |       0 |   14101 |   0.0 |       0 |      14 |   0.0 |   985
       Swamp:3 |       0 |   15521 |   0.0 |       0 |      39 |   0.0 |  1814
       Swamp:4 |       0 |   22692 |   0.0 |       0 |      44 |   0.0 |   281
         Orc:1 |       0 |    7911 |   0.0 |       0 |      35 |   0.0 |   729
         Orc:2 |       0 |   21563 |   0.0 |       0 |     101 |   0.0 |  1374
        Bailey |       0 |    5830 |   0.0 |       0 |      11 |   0.0 |   242
         IceCv |       0 |    4188 |   0.0 |       0 |      20 |   0.0 |   459
               +---------+---------+-------+---------+---------+-------+---------
